 Dungeon Crawl Stone Soup version 0.28-b1-25-g9875b3fc8c (webtiles) character file.

Game seed: 10569400461632646631

333992 Masnef the Impaler (level 21, -39/167 HPs)
             Began as a Gnoll Wanderer on Feb 5, 2022.
             Was the Champion of the Shining One.
             Killed from afar by an ancient champion (49 damage)
             ... with an iron shot
             ... on level 1 of the Crypt on Feb 6, 2022.
             The game lasted 03:11:19 (58785 turns).

Masnef the Impaler (Gnoll Wanderer)                Turns: 58785, Time: 03:11:20

Health: -39/167    AC: 30    Str: 17    XL:     21   Next: 83%
Magic:  39/39      EV: 13    Int: 20    God:    the Shining One [******]
Gold:   3738       SH: 17    Dex: 17    Spells: 23/49 levels left

rFire   + . .      SeeInvis +   Z - +9 trident of Vodiriwn {spect, *Rage rElec Will+ rCorr}
rCold   + . .      Faith    .   e - +3 kite shield {reflect}
rNeg    + + +      Spirit   .   l - +3 chain mail {rF+}
rPois   +          Reflect  +   D - +1 helmet "Jucagan" {rC+}
rElec   +          Harm     +   T - +2 cloak of the Thief {*Fog Slay-2 SInv Stlth+}
rCorr   +          Rampage  .   N - +2 pair of gloves {infuse}
Will    ++...      Archmagi +   K - +2 pair of boots
Stlth   ++........ Rage     20% Y - amulet of Serendipity {RegenMP Harm rElec Str+4 Int+4}
HPRegen 0.37/turn               O - ring of poison resistance
MPRegen 0.66/turn               L - ring of the Mage {Wiz Archmagi}

@: about to teleport, on berserk cooldown, slowed, glowing, studying Polearms,
very slow
A: fangs 1, strong nose, distributed training
}: 2/15 runes: decaying, serpentine
a: Renounce Religion, Divine Shield, Cleansing Flame, Summon Divine Warrior,
Brand Weapon With Holy Wrath


You were on level 1 of the Crypt.
You worshipped the Shining One.
The Shining One was exalted by your worship.
You visited 8 branches of the dungeon, and saw 37 of its levels.
You visited 1 bazaar.
You also visited: Ossuary and Ice Cave.

You collected 5275 gold pieces.
You spent 1537 gold pieces at shops.

Inventory:

Hand Weapons
 w - the +7 hunting sling of Faph {flame, +Blink rN++ Str-4 Int+10}
   (You found it on level 4 of the Dungeon)

   Any ammunition fired from it burns those it strikes, dealing additional fire
   damage.
   Str:       It affects your strength (-4).
   Int:       It affects your intelligence (+10).
   rN:        It greatly protects you from negative energy.
   +Blink:    It lets you blink.
 C - the +2 falchion of Qyfuomatz {antimagic, rPois Will++ Str+3 Int+4}
   (You found it on level 5 of the Dungeon)

   It reduces the magical energy of the wielder, and disrupts the spells and
   magical abilities of those it strikes.
   Natural abilities and divine invocations are not affected.
   Str:       It affects your strength (+3).
   Int:       It affects your intelligence (+4).
   rPois:     It protects you from poison.
   Will:      It greatly increases your willpower.
 G - the +10 dagger "Fokikk" {holy, rC+}
   (You found it on level 6 of the Lair of Beasts)

   It has been blessed by the Shining One to cause great damage to the undead
   and demons.
   rC:        It protects you from cold.
 Z - the +9 trident of Vodiriwn (weapon) {spect, *Rage rElec Will+ rCorr}
   (You found it on level 9 of the Dungeon)

   When its wielder attacks, the weapon's spirit leaps out and strikes again.
   The spirit shares a part of any damage it takes with its wielder.
   rElec:     It insulates you from electricity.
   *Rage:     It berserks you when you make melee attacks (+20% chance).
   rCorr:     It protects you from acid and corrosion.
   Will:      It increases your willpower.
Missiles
 n - 2 silver boomerangs
 t - 8 silver javelins
 y - 348 sling bullets
Armour
 e - a +3 kite shield of reflection (worn)
 l - a +3 chain mail of fire resistance (worn)
 D - the +1 helmet "Jucagan" (worn) {rC+}
   (You found it on level 4 of the Swamp)

   rC:        It protects you from cold.
 K - a +2 pair of boots (worn)
 N - a +2 pair of gloves of infusion (worn)
 T - the +2 cloak of the Thief (worn) {*Fog Slay-2 SInv Stlth+}
   (You acquired it in an ossuary)

   It may release a thick cloud of smoke when the wearer is hurt.
   Slay:      It affects your accuracy & damage with ranged weapons and melee
   (-2).
   SInv:      It lets you see invisible.
   Stlth:     It makes you more stealthy.
Jewellery
 c - a +6 ring of intelligence
 L - the ring of the Mage (right hand) {Wiz Archmagi}
   (You bought it in a shop on level 2 of the Orcish Mines)

   [ring of wizardry]

   It improves your spell success rate.
   Archmagi:  It increases the power of your magical spells.
 O - a ring of poison resistance (left hand)
 X - a ring of resist corrosion
 Y - the amulet of Serendipity (around neck) {RegenMP Harm rElec Str+4 Int+4}
   (You found it in an ice cave)

   [amulet of magic regeneration]

   It increases your rate of magic regeneration.
   Str:       It affects your strength (+4).
   Int:       It affects your intelligence (+4).
   rElec:     It insulates you from electricity.
   Harm:      It increases damage dealt and taken.
Wands
 p - a wand of digging (4)
 s - a wand of paralysis (19)
 x - a wand of acid (8)
 A - a wand of mindburst (14)
 H - a wand of iceblast (6)
 W - a wand of charming (6)
Scrolls
 d - a scroll of acquirement
 f - 11 scrolls of vulnerability
 k - 8 scrolls of teleportation
 o - 7 scrolls of enchant weapon
 q - 6 scrolls of fear
 v - 7 scrolls of fog
 z - a scroll of silence
 B - 2 scrolls of summoning
 E - a scroll of magic mapping
 M - a scroll of holy word
 Q - 5 scrolls of amnesia
 U - 7 scrolls of immolation
Potions
 a - a potion of ambrosia
 g - 5 potions of resistance
 h - 6 potions of flight
 i - 13 potions of curing
 j - 2 potions of cancellation
 m - 13 potions of lignification
 r - 5 potions of magic
 u - 7 potions of heal wounds
 F - 3 potions of brilliance
 I - 5 potions of haste
 J - 4 potions of attraction
 P - 3 potions of mutation
 R - 3 potions of berserk rage
 V - 5 potions of might
Miscellaneous
 S - a lightning rod (4/4)


   Skills:
 + Level 14.9 Fighting
 + Level 14.6 Short Blades
 + Level 14.6 Long Blades
 + Level 14.6 Axes
 + Level 14.6 Maces & Flails
 + Level 18.1 Polearms
 + Level 14.6 Staves
 + Level 14.6 Slings
 + Level 14.6 Bows
 + Level 14.6 Crossbows
 + Level 14.6 Throwing
 + Level 15.3 Armour
 + Level 14.9 Dodging
 + Level 14.8 Stealth
 + Level 15.3 Shields
 + Level 15.9 Unarmed Combat
 + Level 14.6 Spellcasting
 + Level 12.4 Conjurations
 + Level 12.4 Hexes
 + Level 12.4 Summonings
 + Level 12.4 Necromancy
 + Level 12.4 Translocations
 + Level 12.4 Transmutations
 + Level 12.4 Fire Magic
 + Level 12.4 Ice Magic
 + Level 12.4 Air Magic
 + Level 12.4 Earth Magic
 + Level 12.4 Poison Magic
 + Level 15.9 Invocations
 + Level 14.6 Evocations


You had 23 spell levels left.
You knew the following spells:

 Your Spells              Type           Power      Damage    Failure   Level
a - Blink                 Tloc           100%       N/A       1%          2
b - Lesser Beckoning      Tloc           77%        N/A       1%          3
c - Passage of Golubria   Tloc           77%        N/A       1%          4
d - Cause Fear            Hex            38%        N/A       1%          4
e - Olgreb's Toxic Radia  Pois           77%        N/A       1%          4
g - Manifold Assault      Tloc           77%        N/A       3%          5
z - Summon Lightning Spi  Summ/Air       77%        N/A       1%          4

Your spell library contained the following spells:

 Spells                   Type           Power      Damage    Failure   Level
 Animate Skeleton         Necr           100%       N/A       1%          1
 Apportation              Tloc           100%       N/A       1%          1
 Beastly Appendage        Tmut           100%       N/A       1%          1
 Pain                     Necr           100%       1d9       1%          1
 Sandblast                Erth           100%       2d20      1%          1
 Sting                    Tmut/Pois      100%       1d8       1%          1
 Summon Small Mammal      Summ           100%       N/A       1%          1
 Ensorcelled Hibernation  Hex/Ice        100%       N/A       1%          2
 Passwall                 Tmut/Erth      64%        N/A       1%          2
 Poisonous Vapours        Pois/Air       100%       N/A       1%          2
 Wereblood                Tmut           77%        N/A       1%          2
 Confusing Touch          Hex            77%        N/A       1%          3
 Conjure Flame            Conj/Fire      77%        6-21      1%          3
 Ignite Poison            Fire/Tmut/Pois 77%        N/A       1%          3
 Inner Flame              Hex/Fire       77%        N/A       1%          3
 Mephitic Cloud           Conj/Pois/Air  77%        N/A       1%          3
 Spider Form              Tmut/Pois      77%        N/A       1%          3
 Stone Arrow              Conj/Erth      100%       3d13      1%          3
 Tukima's Dance           Hex            77%        N/A       1%          3
 Airstrike                Air            38%        N/A       1%          4
 Anguish                  Hex/Necr       38%        N/A       1%          4
 Animate Armour           Summ/Erth      100%       N/A       1%          4
 Sticky Flame             Conj/Fire      77%        2d9       1%          4
 Agony                    Necr           77%        N/A       3%          5
 Alistair's Intoxication  Tmut/Pois      51%        N/A       3%          5
 Blade Hands              Tmut           38%        N/A       3%          5
 Excruciating Wounds      Necr           38%        N/A       3%          5
 Freezing Cloud           Conj/Ice/Air   38%        6-21      3%          5
 Lightning Bolt           Conj/Air       38%        1d57      3%          5
 Silence                  Hex/Air        38%        N/A       3%          5
 Yara's Violent Unravell  Hex/Tmut       38%        3d15      3%          5
 Iron Shot                Conj/Erth      38%        9d8       19%         6
 Dragon Form              Tmut           38%        N/A       67%         7
 Enfeeble                 Hex            38%        N/A       67%         7
 Haunt                    Necr/Summ      38%        N/A       67%         7
 Ozocubu's Refrigeration  Ice            38%        4d12      67%         7
 Storm Form               Tmut/Air       38%        N/A       67%         7
 Discord                  Hex            38%        N/A       100%        8
 Ignition                 Fire           38%        3d11      100%        8
 Lehudib's Crystal Spear  Conj/Erth      38%        10d10     100%        8
 Dragon's Call            Summ           38%        N/A       100%        9


Dungeon Overview and Level Annotations

Branches:
Dungeon (15/15)            Temple (1/1) D:5            Lair (6/6) D:11
  Swamp (4/4) Lair:3        Snake (4/4) Lair:3        Slime (0/5) Lair:5
    Orc (2/2) D:11            Elf (0/3) Orc:2        Vaults (4/5) D:14
  Crypt (1/3) Vaults:2     Depths (0/4) D:15        Ossuary (visited)
  IceCv (visited)

Altars:
Ashenzari
Cheibriados
Dithmenos
Fedhas
Gozag
Kikubaaqudgha
Makhleb
Nemelex Xobeh
Okawaru
Qazlal
Sif Muna
Trog
Vehumet
Xom
Yredelemnul
The Shining One
Beogh
Jiyva

Shops:
D:1 (   D:12 !   Orc:1 (   Orc:2 (=[*(   Snake:1 *   Snake:3 *((*   Vaults:3 (

Annotations:
Vaults:4 Mara


Innate Abilities, Weirdness & Mutations

You have very sharp teeth.
Your uncanny sense of smell can sniff out nearby items.
Your experience applies equally to all skills.


Message History

The vampire knight seems to speed up.
A phantasmal warrior comes into view.
You block the ghoul's attack. The ghoul barely misses you.
A soul eater comes into view.
A phantasmal warrior comes into view.
The Shining One seems mollified.
Your divine halo returns!
You block the vampire knight's attack. The phantasmal warrior gestures at you.
The phantasmal warrior blinks!
The vampire knight hits you with a +2 long sword!
You block the vampire knight's attack.
The vampire knight hits you from afar with a +0 glaive!!
* * * LOW HITPOINT WARNING * * *
With a swish of your cloak, you release a cloud of fog.
The vampire knight hits you but does no damage.
The vampire knight bites you but does no damage.
The phantasmal warrior gestures at you.
The phantasmal warrior blinks!
The ghoul claws you!
* * * LOW HITPOINT WARNING * * *
With a swish of your cloak, you release a cloud of fog.
The ghoul claws you!
* * * LOW HITPOINT WARNING * * *
The vampire knight casts a spell.
The vampire knight seems to speed up.
The phantasmal warrior gestures at you.
The phantasmal warrior blinks!
You block the vampire knight's attack. The vampire knight misses you.
You block the ghoul's attack. The ghoul claws you but does no damage.
There is a staircase back to the Vaults, spattered with blood here.
Blink to where?
Press: ? - help, Dir - move target An ancient champion and an iguana skeleton come into view.
The ancient champion is wielding a +0 great mace of draining.
As you read the scroll of blinking, it crumbles to dust.
The vampire knight casts a spell.
The vampire knight flickers and vanishes for a moment.
As you read the scroll of teleportation, it crumbles to dust.
You feel strangely unstable.
The ancient champion points at you and mumbles some strange words.
The iron shot hits you!!!
You die...

#§§§§§.+ #†§§§..#
....... .##§§§§.3#
....... ..§§§§§..#
....... ###§§§§..#
....... ###.W....#
.......
...(....§########..z....
.......VWV§V............
........§n§.....@.......
........§W§.....[.......
.......)§...............
.......W................
###....##########.......
#....#....... ......#
#.)..#....... Z.....#
#....'....... ......#
#....#.......


You could see a ghoul, 2 vampire knights, an ancient champion, a phantasmal
warrior and an iguana skeleton (dormant).

Vanquished Creatures
  Vashnia (Snake:2)
  A tentacled monstrosity (Vaults:3)
  Jorgrun (Snake:1)
  The ghost of suomimenusko the Severer, an adept NaFi of Cheibriados (Swamp:1)
  2 thorn hunters
  5 sphinxes
  The ghost of tilp the Severer, an adept MiBe of Trog (Snake:3)
  4 nagarajas
  2 azure jellies (IceCv)
  2 fenstrider witches
  The ghost of Hazorath the Brawler, a journeyman TrBe of Trog (Orc:1)
  9 vault wardens
  Aizul (Snake:3)
  Louise (Swamp:1)
  3 orc warlords
  9 ironbound preservers
  3 ghouls (Crypt:1)
  A curse skull (Crypt:1)
  A quicksilver ooze (IceCv)
  3 ironbound thunderhulks
  5 eleionomae
  2 entropy weavers
  6 bunyips
  12 dire elephants
  A minotaur (Orc:1)
  10 yaktaur captains
  A fire dragon (D:14)
  The ghost of Zapai the Nimble, a journeyman DgAr (Lair:2)
  22 hydras
  2 peacekeepers (Vaults:4)
  Josephine (D:13)
  2 great orbs of eyes
  11 vault guards
  13 naga warriors
  An ogre mage (D:14)
  7 ironbound frosthearts
  5 boulder beetles
  4 salamander tyrants (Snake:4)
  2 ghost crabs (Swamp:3)
  A two-headed ogre (Orc:2)
  4 catoblepae
  9 centaur warriors
  6 anacondas
  10 alligators
  A deep troll shaman (Lair:6)
  22 death yaks
  2 tengu warriors
  3 orc high priests (Orc:2)
  2 deep elf knights
  6 shock serpents
  Sonja (D:10)
  5 spriggans
  22 naga sharpshooters
  A sea snake (Snake:1)
  10 salamander mystics
  7 skeletal warriors
  6 spriggan druids
  8 goliath frogs
  A deep elf archer (Orc:1)
  35 deep trolls
  4 bog bodies
  5 naga ritualists
  7 orc knights
  An orange crystal statue (D:9)
  A golden dragon skeleton (D:15)
  The ghost of p0werm0de the Shield-Bearer, a novice MiFi of Cheibriados (D:5)
  7 swamp dragons
  9 wizards
  Pikel (D:8)
  6 ironbound convokers
  14 lindwurms
  7 deep elf zephyrmancers (Orc:2)
  A necromancer (Vaults:2)
  3 mana vipers
  4 deep elf pyromancers
  5 harpies (Vaults:1)
  A tengu skeleton (D:15)
  24 ugly things
  2 will-o-the-wisps
  2 orc sorcerers
  A wolf spider (D:15)
  3 cyclopes
  15 salamanders
  14 vault sentinels
  4 manticores
  7 guardian serpents
  7 naga magi
  13 cane toads
  13 elephants (Lair:6)
  26 black mambas
  An ice statue (IceCv)
  A torpor snail (Lair:5)
  A gargoyle (D:12)
  3 unseen horrors (D:10)
  A cane toad (shapeshifter) (D:14)
  10 rime drakes
  A rime drake (shapeshifter) (D:13)
  31 yaktaurs
  A komodo dragon (shapeshifter) (D:13)
  7 komodo dragons
  Psyche (D:9)
  A tengu conjurer (D:14)
  3 entropy weaver simulacra (IceCv)
  8 trolls
  A bloated husk (Swamp:1)
  3 meliai (D:14)
  A polar bear (Lair:6)
  Prince Ribbit (D:8)
  8 tyrant leeches
  4 hornets
  48 slime creatures
  6 blink frogs
  7 dream sheep (Lair:6)
  A meliai zombie (D:10)
  A culicivora (shapeshifter) (D:15)
  A flying skull (Vaults:2)
  8 wraiths
  A shadow (D:12)
  49 yaks
  4 wyverns
  A steam dragon (D:7)
  A human (D:14)
  3 redbacks
  3 basilisks
  16 vampire mosquitoes
  2 wargs (Orc:1)
  13 swamp worms
  3 demonic crawler simulacra (IceCv)
  39 nagas
  8 water moccasins
  A hydra simulacrum (Lair:5)
  A glowing shapeshifter zombie (Crypt:1)
  An acid dragon (D:11)
  27 orc warriors
  9 swamp drakes
  A black bear (shapeshifter) (D:13)
  A sky beast (D:8)
  3 ugly thing simulacra (IceCv)
  2 black bears (Lair:6)
  3 black mamba simulacra (Lair:5)
  A necrophage (D:6)
  6 ogres
  5 boggarts (Vaults:1)
  5 centaurs
  22 wolves
  A lemure (D:8)
  4 kobold brigands
  A phantom (D:4)
  8 bullfrogs
  3 gnoll sergeants (D:5)
  A cyclops zombie (Crypt:1)
  A wyvern zombie (D:8)
  3 glowing shapeshifter simulacra (IceCv)
  A cane toad simulacrum (Lair:5)
  A scorpion (D:4)
  A wyvern skeleton (D:5)
  An elephant simulacrum (Lair:5)
  5 killer bees
  10 howler monkeys
  4 wights (D:9)
  2 electric eels (Snake:1)
  3 centaur zombies
  A crimson imp (D:7)
  2 bullfrog skeletons
  9 hounds
  2 jellies
  Crazy Yiuf (D:3)
  A centaur skeleton (D:6)
  3 gnoll shamans (D:5)
  18 orc priests
  A scorpion zombie (D:5)
  Jessica (D:2)
  Ijyb (D:3)
  Terence (D:2)
  2 iguanas (D:7)
  Natasha (thrice) (D:3)
  22 orc wizards
  22 hell rats
  A statue (D:10)
  A killer bee zombie (D:5)
  A hound zombie (D:4)
  13 mummies (Ossuary)
  22 gnolls
  11 adders
  2 white imps
  An ufetubus (D:6)
  3 worms
  A dart slug (D:5)
  70 orcs
  3 endoplasms
  7 giant cockroaches
  9 hobgoblins
  3 jackals
  16 kobolds
  5 quokkas
  7 ball pythons
  9 bats
  A frilled lizard (D:1)
  2 gnoll skeletons (Ossuary)
  9 goblins
  2 goblin skeletons (Ossuary)
  4 kobold skeletons (Ossuary)
  A rat (D:1)
  11 rat skeletons (Ossuary)
  7 briar patches
1283 creatures vanquished.

Vanquished Creatures (collateral kills)
  A tengu reaver (Vaults:4)
  3 sphinxes
  A vault warden (Vaults:2)
  5 ironbound preservers
  An ironbound thunderhulk (Vaults:4)
  A dire elephant (Vaults:3)
  The ghost of sanka the Thaumaturge, a journeyman DjCA of Makhleb (Lair:5)
  An ettin (Vaults:2)
  A shambling mangrove (Swamp:4)
  2 vault guards (Vaults:2)
  2 centaur warriors (Vaults:3)
  A salamander tyrant (Snake:4)
  A boulder beetle (Vaults:2)
  Harold (D:7)
  An anaconda (Snake:1)
  4 hydras
  An alligator (Swamp:1)
  An ironbound frostheart (Vaults:3)
  A titan zombie (D:15)
  A vampire mage (D:15)
  7 naga sharpshooters
  An orc high priest (Orc:2)
  A storm dragon skeleton (D:15)
  A salamander mystic (Snake:2)
  A skeletal warrior (Vaults:2)
  A deep troll (Vaults:1)
  2 naga ritualists
  A spriggan druid (Swamp:4)
  A phantasmal warrior (Vaults:3)
  5 ironbound convokers
  A deep elf pyromancer (D:14)
  A wizard (Vaults:3)
  3 lindwurms
  4 swamp dragons (Swamp:4)
  2 orc knights
  2 mana vipers (Snake:2)
  A necromancer (D:15)
  2 orc sorcerers (Orc:2)
  5 ugly things
  3 vault sentinels
  4 salamanders
  2 black mambas
  11 naga magi
  10 yaktaurs
  A tyrant leech (Swamp:3)
  2 hornets (Swamp:4)
  4 slime creatures
  A centaur simulacrum (D:15)
  A vampire (D:14)
  A wraith (D:12)
  A yak (D:12)
  A death yak simulacrum (Lair:5)
  A vampire mosquito (D:14)
  2 swamp worms
  A hydra simulacrum (Lair:5)
  13 nagas
  2 ugly thing simulacra (IceCv)
  4 swamp drakes
  An ogre (Orc:1)
  7 orc warriors
  3 orc priests (Orc:2)
  11 orc wizards
  20 orcs
180 creatures vanquished.

Vanquished Creatures (others)
  A goliath frog (Swamp:4)
  A slime creature (D:14)
  A swamp worm (Swamp:4)
  2 briar patches
  2 foxfires (Swamp:4)
  24 fungi
  46 plants
  3 withered plants
80 creatures vanquished.

Grand Total: 1543 creatures vanquished

Notes
Turn   | Place    | Note
-------+----------+-------------------------------------------
     0 | D:1      | Masnef the Gnoll Wanderer began the quest for the Orb.
     0 | D:1      | Masnef set off with the following items: a +0 dagger, a
                  | potion of lignification, a +0 pair of gloves, a +0 leather
                  | armour, a +2 buckler
     0 | D:1      | Reached XP level 1. HP: 17/17 MP: 1/1
   215 | D:1      | Reached XP level 2. HP: 11/23 MP: 2/2
   493 | D:1      | Found Hufe's Weapon Shop.
   597 | D:1      | Found a faded altar of an unknown god.
   608 | D:1      | Prayed at the altar of an unknown god.
   608 | D:1      | Became a worshipper of the Shining One
   608 | D:1      | Reached * piety under the Shining One
   944 | D:2      | Noticed Jessica
   951 | D:2      | Killed Jessica
   952 | D:2      | Reached skill level 1 in Invocations
   952 | D:2      | Reached XP level 3. HP: 23/28 MP: 2/4
   954 | D:2      | Reached skill level 1 in Short Blades
   954 | D:2      | Reached skill level 1 in Long Blades
   954 | D:2      | Reached skill level 1 in Axes
   954 | D:2      | Reached skill level 1 in Maces & Flails
   954 | D:2      | Reached skill level 1 in Polearms
   954 | D:2      | Reached skill level 1 in Staves
   954 | D:2      | Reached skill level 1 in Slings
   954 | D:2      | Reached skill level 1 in Bows
   954 | D:2      | Reached skill level 1 in Crossbows
   954 | D:2      | Reached skill level 1 in Throwing
   954 | D:2      | Reached skill level 1 in Spellcasting
   954 | D:2      | Reached skill level 1 in Evocations
  1016 | D:2      | Reached XP level 4. HP: 32/34 MP: 5/5
  1166 | D:2      | Found a blossoming altar of Fedhas.
  1596 | D:2      | Noticed Terence
  1604 | D:2      | Killed Terence
  1605 | D:2      | Reached skill level 1 in Conjurations
  1605 | D:2      | Reached skill level 1 in Hexes
  1605 | D:2      | Reached skill level 1 in Summonings
  1605 | D:2      | Reached skill level 1 in Necromancy
  1605 | D:2      | Reached skill level 1 in Translocations
  1605 | D:2      | Reached skill level 1 in Transmutations
  1605 | D:2      | Reached skill level 1 in Fire Magic
  1605 | D:2      | Reached skill level 1 in Ice Magic
  1605 | D:2      | Reached skill level 1 in Air Magic
  1605 | D:2      | Reached skill level 1 in Earth Magic
  1605 | D:2      | Reached skill level 1 in Poison Magic
  2030 | D:3      | Reached XP level 5. HP: 35/40 MP: 6/6
  2221 | D:3      | Noticed Ijyb
  2235 | D:3      | Killed Ijyb
  2546 | D:3      | Found a bloodstained altar of Trog.
  2554 | D:3      | Noticed Natasha
  2559 | D:3      | Killed Natasha
  2903 | D:3      | Reached XP level 6. HP: 47/47 MP: 8/8
  3105 | D:3      | Found a runed translucent door.
  3106 | D:3      | Noticed Crazy Yiuf
  3116 | D:3      | Noticed Natasha
  3122 | D:3      | Killed Natasha
  3407 | D:3      | Noticed Natasha
  3414 | D:3      | Killed Natasha
  3415 | D:3      | Reached skill level 2 in Polearms
  3415 | D:3      | Reached skill level 5 in Armour
  3415 | D:3      | Reached skill level 5 in Shields
  3591 | D:3      | Killed Crazy Yiuf
  4014 | D:4      | Reached ** piety under the Shining One
  4020 | D:4      | Identified the +7 hunting sling of Faph {flame, +Blink rN++
                  | Str-4 Int+10}
  4046 | D:4      | Reached XP level 7. HP: 35/52 MP: 10/10
  4374 | D:4      | Found a sparkling altar of Nemelex Xobeh.
  4646 | D:4      | Found a blossoming altar of Fedhas.
  4736 | D:5      | Entered Level 5 of the Dungeon
  4827 | D:5      | Found a transporter.
  5082 | D:5      | Noticed p0werm0de's ghost (novice MiFi)
  5083 | D:5      | Found a transporter.
  5126 | D:5      | Noticed a troll
  5208 | D:5      | Reached XP level 8. HP: 54/60 MP: 12/12
  5261 | D:5      | Learned a level 2 spell: Blink
  5283 | D:5      | Identified the +2 falchion of Qyfuomatz {antimagic, rPois
                  | Will++ Str+3 Int+4}
  5363 | D:5      | Reached skill level 3 in Polearms
  5550 | D:5      | Killed a troll
  5717 | D:5      | Found a staircase to the Ecumenical Temple.
  5726 | Temple   | Entered the Ecumenical Temple
  5817 | D:5      | Found an opulent altar of Gozag.
  6810 | D:5      | Identified the +0 ring mail of the Earth {Int-5 Dex+3
                  | Stlth+}
  6927 | D:5      | Reached XP level 9. HP: 66/66 MP: 14/14
  7020 | D:6      | Reached *** piety under the Shining One
  7269 | D:6      | Identified the +6 dagger of the Revolution {vorpal, rPois}
  7378 | D:6      | Reached skill level 4 in Polearms
  7655 | D:6      | Found Homov's Assorted Antiques.
  7924 | D:6      | Found a shimmering altar of Xom.
  8036 | D:6      | Reached skill level 5 in Fighting
  8036 | D:6      | Reached skill level 5 in Dodging
  8391 | D:7      | Reached skill level 5 in Stealth
  8626 | D:7      | Found a broken altar of Ashenzari.
  8799 | D:7      | Noticed Harold
  8807 | D:7      | Reached skill level 5 in Invocations
  9421 | D:8      | Noticed Pikel
  9423 | D:8      | Noticed Prince Ribbit
  9484 | D:8      | Killed Pikel
  9485 | D:8      | Reached XP level 10. HP: 41/75 MP: 15/17
  9507 | D:8      | Killed Prince Ribbit
  9508 | D:8      | Reached skill level 5 in Short Blades
  9508 | D:8      | Reached skill level 5 in Long Blades
  9508 | D:8      | Reached skill level 5 in Axes
  9508 | D:8      | Reached skill level 5 in Maces & Flails
  9508 | D:8      | Reached skill level 5 in Polearms
  9508 | D:8      | Reached skill level 5 in Staves
  9508 | D:8      | Reached skill level 5 in Slings
  9508 | D:8      | Reached skill level 5 in Bows
  9508 | D:8      | Reached skill level 5 in Crossbows
  9508 | D:8      | Reached skill level 5 in Throwing
  9508 | D:8      | Reached skill level 5 in Spellcasting
  9508 | D:8      | Reached skill level 5 in Evocations
  9567 | D:8      | Reached **** piety under the Shining One
  9595 | D:8      | Found a sand-covered staircase.
  9725 | Ossuary  | Entered an ossuary
  9864 | Ossuary  | Reached ***** piety under the Shining One
  9972 | Ossuary  | Identified 2 scrolls of acquirement
  9973 | Ossuary  | Acquired the +2 cloak of the Thief {*Fog Slay-2 SInv
                  | Stlth+}
  9973 | Ossuary  | Found the +2 cloak of the Thief {*Fog Slay-2 SInv Stlth+}
 10196 | D:8      | Found a basalt altar of Yredelemnul.
 10774 | D:7      | Killed Harold
 11363 | D:7      | Found a burning altar of Makhleb.
 12849 | D:9      | Noticed an orange crystal statue
 13530 | D:9      | Reached XP level 11. HP: 72/83 MP: 19/19
 13789 | D:9      | Noticed Psyche
 13791 | D:9      | Found a shimmering blue altar of Sif Muna.
 13791 | D:9      | Found a faded altar of an unknown god.
 13812 | D:9      | Killed Psyche
 13813 | D:9      | Reached skill level 6 in Polearms
 13967 | D:9      | Found a shadowy altar of Dithmenos.
 13971 | D:9      | Found a faded altar of an unknown god.
 13973 | D:9      | Found a glowing golden altar of the Shining One.
 14115 | D:9      | Identified the +9 trident of Vodiriwn {spect, *Rage rElec
                  | Will+ rCorr}
 14265 | D:9      | Noticed a two-headed ogre
 14267 | D:9      | Noticed a sun demon
 14476 | D:9      | Identified the +8 falchion "Qume Xiu" {vorpal, Int+2}
 14763 | D:9      | Noticed a two-headed ogre
 14814 | D:10     | Entered Level 10 of the Dungeon
 14881 | D:10     | Reached skill level 5 in Conjurations
 14881 | D:10     | Reached skill level 5 in Hexes
 14881 | D:10     | Reached skill level 5 in Summonings
 14881 | D:10     | Reached skill level 5 in Necromancy
 14881 | D:10     | Reached skill level 5 in Translocations
 14881 | D:10     | Reached skill level 5 in Transmutations
 14881 | D:10     | Reached skill level 5 in Fire Magic
 14881 | D:10     | Reached skill level 5 in Ice Magic
 14881 | D:10     | Reached skill level 5 in Air Magic
 14881 | D:10     | Reached skill level 5 in Earth Magic
 14881 | D:10     | Reached skill level 5 in Poison Magic
 14988 | D:10     | Noticed Sonja
 14998 | D:10     | Killed Sonja
 15054 | D:10     | Found an ancient bone altar of Kikubaaqudgha.
 15369 | D:10     | Found a radiant altar of Vehumet.
 15845 | D:5      | Killed p0werm0de's ghost
 16219 | D:11     | Noticed a manticore
 16226 | D:11     | Killed a manticore
 16246 | D:11     | Found a staircase to the Orcish Mines.
 16324 | D:11     | Found a staircase to the Lair.
 16466 | D:11     | Identified the +5 war axe "Grom" {venom, Fly rElec rC+
                  | MP-9}
 17036 | Lair:1   | Entered Level 1 of the Lair of Beasts
 17233 | Lair:1   | Learned a level 3 spell: Lesser Beckoning
 17258 | Lair:1   | Reached XP level 12. HP: 91/91 MP: 15/22
 17656 | Lair:1   | Reached skill level 7 in Polearms
 18222 | Lair:2   | Reached ****** piety under the Shining One
 18378 | Lair:2   | Found a runed translucent door.
 18425 | Lair:2   | Noticed a seven-headed hydra
 18461 | Lair:1   | Killed a seven-headed hydra
 19068 | Lair:2   | Noticed an eight-headed hydra
 19076 | Lair:2   | Killed an eight-headed hydra
 19077 | Lair:2   | Reached skill level 10 in Unarmed Combat
 19301 | Lair:2   | Noticed Zapai's ghost (journeyman DgAr)
 19321 | Lair:2   | Killed Zapai's ghost
 19684 | Lair:3   | Found a frozen archway.
 19719 | IceCv    | Entered an ice cave
 20107 | IceCv    | Noticed a quicksilver ooze
 20137 | IceCv    | Killed a quicksilver ooze
 20138 | IceCv    | Reached XP level 13. HP: 99/99 MP: 19/24
 20197 | IceCv    | Reached skill level 8 in Polearms
 20937 | IceCv    | Found a viscous altar of Jiyva.
 20937 | IceCv    | Noticed an azure jelly
 20946 | IceCv    | Killed an azure jelly
 20949 | IceCv    | Noticed an azure jelly
 20963 | IceCv    | Killed an azure jelly
 21064 | IceCv    | Identified the amulet of Serendipity {RegenMP Harm rElec
                  | Str+4 Int+4}
 21070 | IceCv    | Acquired 1121 gold pieces
 21074 | IceCv    | Identified the +6 ring mail of Jelorom {rElec rC+ Str-3}
 21266 | Lair:3   | Found a staircase to the Swamp.
 21787 | Lair:3   | Found a staircase to the Snake Pit.
 23040 | Lair:5   | Reached skill level 10 in Armour
 23040 | Lair:5   | Reached skill level 10 in Shields
 23045 | Lair:5   | Reached XP level 14. HP: 108/108 MP: 18/26
 23267 | Lair:5   | You fall into a shaft and drop 1 floor!
 23267 | Lair:6   | Entered Level 6 of the Lair of Beasts
 23288 | Lair:6   | Reached skill level 9 in Polearms
 23586 | Lair:6   | Reached skill level 10 in Invocations
 24232 | Lair:5   | Noticed sanka's ghost (journeyman DjCA)
 25319 | Lair:5   | Found a runed translucent gate.
 25319 | Lair:5   | Found a runed translucent gate.
 25319 | Lair:5   | Found a runed translucent gate.
 25571 | Lair:5   | Found a viscous altar of Jiyva.
 25571 | Lair:5   | Found a staircase to the Slime Pits.
 25795 | Lair:5   | Reached skill level 10 in Fighting
 25795 | Lair:5   | Reached skill level 10 in Dodging
 25808 | Lair:5   | Killed sanka's ghost
 25920 | Lair:6   | Reached skill level 10 in Stealth
 26276 | Lair:6   | Learned a level 4 spell: Passage of Golubria
 26281 | Lair:6   | Learned a level 4 spell: Cause Fear
 26286 | Lair:6   | Learned a level 4 spell: Olgreb's Toxic Radiance
 26329 | Lair:6   | Reached XP level 15. HP: 115/115 MP: 26/28
 26480 | Lair:6   | Reached skill level 10 in Polearms
 26991 | Lair:6   | Identified the +10 dagger "Fokikk" {holy, rC+}
 27075 | Lair:6   | Reached skill level 10 in Short Blades
 27075 | Lair:6   | Reached skill level 10 in Long Blades
 27075 | Lair:6   | Reached skill level 10 in Axes
 27075 | Lair:6   | Reached skill level 10 in Maces & Flails
 27075 | Lair:6   | Reached skill level 10 in Staves
 27075 | Lair:6   | Reached skill level 10 in Slings
 27075 | Lair:6   | Reached skill level 10 in Bows
 27075 | Lair:6   | Reached skill level 10 in Crossbows
 27075 | Lair:6   | Reached skill level 10 in Throwing
 27075 | Lair:6   | Reached skill level 10 in Spellcasting
 27075 | Lair:6   | Reached skill level 10 in Evocations
 27250 | Lair:6   | Identified the +7 hand axe "Siager" {freeze, rF+}
 27561 | Orc:1    | Entered Level 1 of the Orcish Mines
 27613 | Orc:2    | Entered Level 2 of the Orcish Mines
 27865 | Orc:1    | Learned a level 4 spell: Summon Lightning Spire
 28082 | Orc:1    | Found Uxezuz's Antique Weapon Boutique.
 28354 | Orc:2    | Found a staircase to the Elven Halls.
 28408 | Orc:1    | Noticed an orc warlord
 28439 | Orc:1    | Killed an orc warlord
 28487 | Orc:1    | Found a runed translucent gate.
 28488 | Orc:1    | Found a runed translucent gate.
 28490 | Orc:1    | Found a runed translucent gate.
 28492 | Orc:1    | Noticed Hazorath's ghost (journeyman TrBe)
 28558 | Orc:1    | Found an iron altar of Okawaru.
 28620 | Orc:1    | Killed Hazorath's ghost
 28885 | Orc:1    | Identified the +3 battleaxe "Fecestri" {vorpal, rElec Str+3
                  | Stlth+}
 29186 | Orc:2    | Found Limyin's Antique Weapon Shoppe.
 29429 | Orc:2    | Reached skill level 11 in Polearms
 29456 | Orc:2    | Noticed an orc warlord
 29748 | Orc:2    | Killed an orc warlord
 30180 | Orc:2    | Found Illum's Antique Armour Emporium.
 30181 | Orc:2    | Found Kieliapt's Antique Weapon Shoppe.
 30183 | Orc:2    | Found Jechodar's General Store.
 30183 | Orc:2    | Found Xydys's Jewellery Emporium.
 30188 | Orc:2    | Bought a dazzling helmet for 285 gold pieces
 30188 | Orc:2    | Identified the -3 helmet of Death Resistance {+Blink Fly}
                  | (You bought it in a shop on level 2 of the Orcish Mines)
 30199 | Orc:2    | Bought a scroll of teleportation for 30 gold pieces
 30199 | Orc:2    | Bought a scroll of teleportation for 30 gold pieces
 30382 | Orc:2    | Bought the ring of the Mage {Wiz Archmagi} for 765 gold
                  | pieces
 30382 | Orc:2    | Found the ring of the Mage {Wiz Archmagi}
 30434 | Orc:2    | Learned a level 5 spell: Manifold Assault
 30937 | D:12     | Reached XP level 16. HP: 124/124 MP: 25/30
 31351 | D:12     | Found Liczu's Distillery.
 31398 | D:12     | Bought a potion of heal wounds for 75 gold pieces
 31398 | D:12     | Bought a potion of might for 60 gold pieces
 31399 | D:12     | Bought 2 potions of magic for 240 gold pieces
 32093 | D:13     | Noticed Josephine
 32098 | D:13     | Killed Josephine
 33077 | D:14     | Reached skill level 12 in Polearms
 33213 | D:14     | Found a gate to the Vaults.
 34748 | D:15     | Entered Level 15 of the Dungeon
 34939 | D:15     | Found a staircase to the Depths.
 35848 | Swamp:1  | Entered Level 1 of the Swamp
 35848 | Swamp:1  | Noticed a thorn hunter
 35869 | Swamp:1  | Killed a thorn hunter
 36201 | Swamp:1  | Reached XP level 17. HP: 132/132 MP: 26/32
 36314 | Swamp:1  | Noticed Louise
 36331 | Swamp:1  | Killed Louise
 36747 | Swamp:1  | Found a runed translucent door.
 36750 | Swamp:1  | Noticed suomimenusko's ghost (adept NaFi)
 36750 | Swamp:1  | Identified the +8 spear "Fifaudol" {vorpal, Will+ Int+4
                  | Dex-3}
 37011 | Swamp:1  | Reached skill level 13 in Polearms
 37035 | Swamp:1  | Killed suomimenusko's ghost
 38637 | Swamp:3  | Reached skill level 10 in Conjurations
 38637 | Swamp:3  | Reached skill level 10 in Hexes
 38637 | Swamp:3  | Reached skill level 10 in Summonings
 38637 | Swamp:3  | Reached skill level 10 in Necromancy
 38637 | Swamp:3  | Reached skill level 10 in Translocations
 38637 | Swamp:3  | Reached skill level 10 in Transmutations
 38637 | Swamp:3  | Reached skill level 10 in Fire Magic
 38637 | Swamp:3  | Reached skill level 10 in Ice Magic
 38637 | Swamp:3  | Reached skill level 10 in Air Magic
 38637 | Swamp:3  | Reached skill level 10 in Earth Magic
 38637 | Swamp:3  | Reached skill level 10 in Poison Magic
 38649 | Swamp:3  | Identified the +7 dagger of Blood {vorpal, Fragile Int+2
                  | SInv}
 39066 | Swamp:4  | Entered Level 4 of the Swamp
 40239 | Swamp:4  | Reached skill level 14 in Polearms
 40270 | Swamp:4  | Reached XP level 18. HP: 141/141 MP: 2/34
 40591 | Swamp:4  | Got a decaying rune of Zot
 40891 | Swamp:4  | Identified the +1 helmet "Jucagan" {rC+}
 41051 | Snake:1  | Entered Level 1 of the Snake Pit
 41370 | Snake:1  | Found Nehuass's General Store.
 44242 | Snake:1  | Noticed Jorgrun
 44250 | Snake:1  | Killed Jorgrun
 46057 | Snake:2  | Noticed Vashnia
 46099 | Snake:2  | Killed Vashnia
 46100 | Snake:2  | Reached skill level 15 in Polearms
 47039 | Snake:2  | Reached XP level 19. HP: 149/149 MP: 32/35
 47399 | Snake:3  | Found a runed translucent door.
 47400 | Snake:3  | Noticed tilp's ghost (adept MiBe)
 47407 | Snake:3  | Noticed Aizul
 47428 | Snake:3  | Killed Aizul
 47918 | Snake:3  | Killed tilp's ghost
 48190 | Snake:3  | Found Teiwnip's Antique Weapon Emporium.
 48191 | Snake:3  | Found Haathrioqis's Assorted Antiques.
 48191 | Snake:3  | Found Hireto's Assorted Antiques.
 48281 | Snake:3  | Found Kocvanol's Antique Weapon Shoppe.
 48304 | Snake:3  | Got the Disquisition on the Birds and Creation
 48580 | Snake:4  | Entered Level 4 of the Snake Pit
 48776 | Snake:4  | Found a sparkling altar of Nemelex Xobeh.
 50634 | Snake:4  | Got a serpentine rune of Zot
 50985 | Vaults:1 | Entered Level 1 of the Vaults
 51006 | Vaults:1 | Reached skill level 16 in Polearms
 51674 | Vaults:1 | Reached XP level 20. HP: 147/158 MP: 34/37
 52714 | Vaults:2 | Reached skill level 15 in Unarmed Combat
 53139 | Vaults:2 | Reached skill level 15 in Invocations
 53314 | Vaults:2 | Found a flickering gateway to a bazaar.
 53327 | Bazaar   | Entered a bazaar
 53327 | Bazaar   | Found Turonwue's Assorted Antiques.
 53623 | Bazaar   | Found Tuthrobu's Book Emporium.
 53633 | Bazaar   | Found Soiph's General Store.
 53641 | Bazaar   | Bought a scroll of fear for 52 gold pieces
 53666 | Bazaar   | Found Anoahuant's Assorted Antiques.
 54110 | Vaults:2 | Found a staircase to the Crypt.
 54541 | Vaults:3 | Reached skill level 17 in Polearms
 55119 | Vaults:3 | Reached XP level 21. HP: 73/166 MP: 29/39
 56587 | Vaults:3 | Found Ibbanlac's Antique Weapon Shop.
 56879 | Vaults:4 | Reached skill level 15 in Armour
 56879 | Vaults:4 | Reached skill level 15 in Shields
 57515 | Vaults:4 | Was placed under penance by the Shining One
 57897 | Vaults:4 | Reached skill level 18 in Polearms
 57961 | Vaults:4 | Noticed Mara
 58324 | Crypt:1  | Entered Level 1 of the Crypt
 58780 | Crypt:1  | Was forgiven by the Shining One
 58785 | Crypt:1  | Killed from afar by an ancient champion

Illustrated notes

Levels and vault maps discovered:
D:1:      minmay_arrival_stone_box, layout_rooms,
          chequers_ecumenical_altar_simple_redux, serial_shops, shop_statue
D:2:      layout_basic, basic_altar, hangedman_abyss_or_decor_lesser_grid,
          minmay_misc_feat_tower, minmay_misc_feat_enclosed, st_stairs_10,
          interstate_on_off, uniq_terence, uniq_jessica
D:3:      layout_basic, lemuel_tele_altar, minmay_box_of_dots, uniq_natasha,
          uniq_ijyb, uniq_crazy_yiuf_cottage
D:4:      layout_rooms, nemelex_altar_shiori,
          mainiacjoe_overflow_surrounded_room, nicolae_grassy_gnolls
D:5:      layout_cave_pools, grunt_gozag_statues,
          minmay_temple_entry_stoned_glass, gammafunk_ghost_mausoleum,
          serial_gnoll_camp, gnoll_camp_mini_sergeant, gnoll_camp_mini_house,
          gnoll_camp_mini_house, gnoll_camp_mini_hut, gnoll_camp_huts_basic,
          st_stairs_9
D:6:      layout_loops_cross, kennysheep_mini, serial_shops, shop
D:7:      layout_loops_ring, mainiacjoe_overflow_24_doors,
          makhleb_grotto_becter, uniq_harold
D:8:      layout_basic, mainiacjoe_overflow_cross_hatched, enter_ossuary_5,
          grunt_tough_drop, uniq_pikel, uniq_prince_ribbit1
D:9:      layout_rooms, chequers_temple_overflow_minitemple,
          minmay_protected_statue, uniq_psyche
D:10:     layout_stronghold, vehumet_statue,
          nicolae_kikubaaqudgha_miasma_corner, uniq_sonja
D:11:     layout_irregular_city, david_lair_shrubbed, david_orc_3
D:12:     layout_stronghold, serial_shops, shop_fountains
D:13:     layout_loops_cross, uniq_josephine
D:14:     layout_cave_pods, grunt_vaults_entry_fortified, special_room
          [special_room_orc], serial_glass, glass_columns_a, glass_columns_a,
          glass_columns_a, minmay_strange_pillars, item_on_display_a,
          feat_on_display, minmay_strange_pillars,
          infiniplex_staircase_squiggle, minmay_pinched_square
D:15:     gammafunk_depths_entry_grave, layout_stronghold, serial_park_paths
          [serial_park_minivault_5x5_6]
Temple:   jpeg_temple_island
Lair:1:   layout_cave_pods, infiniplex_staircase_pool_2, grunt_megastairs_5
Lair:2:   layout_cave_pods, ebering_ghost_reflecting_pool
Lair:3:   layout_concentric_octagons, skrybe_swamp_entry_bodies,
          guppyfry_snake_entry_garden, portal_ice_cave_rime,
          chequers_serial_rivers_micro_d, st_stairs_11, minmay_holes,
          lemuel_fruit_fields
Lair:4:   layout_cellular_growth, serial_bayou_shore_a
Lair:5:   layout_long_grid, dpeg_slime_entry_enclosed_altar,
          gammafunk_ghost_icy, pond
Lair:6:   grunt_lair_end_beastmaster, layout_big_grid, grunt_megastairs_4,
          lemuel_fruit_tree
Swamp:1:  layout_basic_swamp, ebering_ghost_funeral_grove,
          nicolae_swamp_treefoil, uniq_louise
Swamp:2:  layout_falls_marsh, nicolae_swamp_dense_foliage
Swamp:3:  layout_falls_marsh, evilmike_swamp_ruin_house_5, swamp_pool5,
          st_swamp_mini
Swamp:4:  swamp_alternative, layout_basic_swamp, swamp_pool1,
          infiniplex_staircase_pool
Snake:1:  nicolae_snake_shooting_gallery, layout_honeycomb, serial_shops,
          nicolae_diamond_shop, grunt_ministairs_15, nicolae_snake_springs,
          uniq_jorgrun
Snake:2:  layout_layer_cave, nrook_loot_triangle, nicolae_snake_boneroom,
          grunt_megastairs_3, uniq_vashnia
Snake:3:  layout_misc_corridors, ebering_ghost_inner_flame, minmay_shoptagon,
          uniq_aizul
Snake:4:  johnstein_snake_rune_scales, layout_onion_interference, basic_altar
Orc:1:    layout_diamond_mine, gammafunk_ghost_fury_of_okawaru, serial_shops,
          shop
Orc:2:    st_orc_congregation, layout_diamond_mine, serial_shops,
          nicolae_shop_overgrown_old_shop, elves_outpost_lemuel
Vaults:1: v_misc_25, ontoclasm_vaults_chip, ontoclasm_vaults_gateway,
          hangedman_vaults_unwind, ontoclasm_vaults_chip, grunt_vaults_twisty,
          nicolae_vaults_windows_and_doors_thing, v_rooms_3,
          ontoclasm_vaults_hangar, v_misc_22, layout_vaults_ring
Vaults:2: nicolae_vaults_meeting, nicolae_vaults_network_s,
          minmay_crypt_entry_simple_statues, nicolae_vaults_hallways_thing,
          vaults_dpeg_hooks, v_pattern_2, nicolae_vaults_shelves_hall,
          vaults_mumra_minichess, vaults_room_fours, layout_vaults_omnicross,
          serial_shops, bzr_entry_gold
Vaults:3: vaults_dpeg_ring, hangedman_vaults_corner_blocks,
          nicolae_vaults_good_morning_starshine,
          nicolae_vaults_little_squares_4, hangedman_vaults_cutoff,
          hangedman_vaults_corner, ontoclasm_vaults_chip, vaults_mumra_lcd,
          layout_vaults_chaotic_city, serial_shops,
          nicolae_shop_temple_entry_statues_fountains
Vaults:4: hangedman_vaults_cutoff, ontoclasm_vaults_ring_square,
          hangedman_vaults_capsules, ontoclasm_vaults_tryst,
          dpeg_vaults_monster_box, nicolae_vaults_diagonal_hallway_8,
          vaults_dpeg_diagonal, nicolae_vaults_little_ls, vaults_room_hallway,
          layout_vaults_omnigrid, uniq_mara
Crypt:1:  layout_regular_city, st_vampire_maze

Skill      XL: |  1  2  3  4  5  6  7  8  9 10 11 12 13 14 15 16 17 18 19 20 21 |
---------------+----------------------------------------------------------------+-----
Invocations    | 1 2 3 4 5 6 7 8 9 10 11 12 13 14 15 | 15.9
Short Blades   | 1 2 3 4 5 6 7 8 9 10 11 12 13 14 | 14.6
Long Blades    | 1 2 3 4 5 6 7 8 9 10 11 12 13 14 | 14.6
Axes           | 1 2 3 4 5 6 7 8 9 10 11 12 13 14 | 14.6
Maces & Flails | 1 2 3 4 5 6 7 8 9 10 11 12 13 14 | 14.6
Polearms       | 1 2 3 4 5 6 7 8 9 11 12 14 15 16 17 18 | 18.1
Staves         | 1 2 3 4 5 6 7 8 9 10 11 12 13 14 | 14.6
Slings         | 1 2 3 4 5 6 7 8 9 10 11 12 13 14 | 14.6
Bows           | 1 2 3 4 5 6 7 8 9 10 11 12 13 14 | 14.6
Crossbows      | 1 2 3 4 5 6 7 8 9 10 11 12 13 14 | 14.6
Throwing       | 1 2 3 4 5 6 7 8 9 10 11 12 13 14 | 14.6
Spellcasting   | 1 2 3 4 5 6 7 8 9 10 11 12 13 14 | 14.6
Evocations     | 1 2 3 4 5 6 7 8 9 10 11 12 13 14 | 14.6
Conjurations   | 1 2 3 4 5 6 7 8 9 10 11 12 | 12.4
Hexes          | 1 2 3 4 5 6 7 8 9 10 11 12 | 12.4
Summonings     | 1 2 3 4 5 6 7 8 9 10 11 12 | 12.4
Necromancy     | 1 2 3 4 5 6 7 8 9 10 11 12 | 12.4
Translocations | 1 2 3 4 5 6 7 8 9 10 11 12 | 12.4
Transmutations | 1 2 3 4 5 6 7 8 9 10 11 12 | 12.4
Fire Magic     | 1 2 3 4 5 6 7 8 9 10 11 12 | 12.4
Ice Magic      | 1 2 3 4 5 6 7 8 9 10 11 12 | 12.4
Air Magic      | 1 2 3 4 5 6 7 8 9 10 11 12 | 12.4
Earth Magic    | 1 2 3 4 5 6 7 8 9 10 11 12 | 12.4
Poison Magic   | 1 2 3 4 5 6 7 8 9 10 11 12 | 12.4
Fighting       | 3 4 5 6 7 8 9 10 11 12 13 14 | 14.9
Dodging        | 3 4 5 6 7 8 9 10 11 12 13 14 | 14.9
Stealth        | 3 4 5 6 7 8 9 10 11 12 13 14 | 14.8
Armour         | 5 6 7 8 9 10 11 12 13 14 15 | 15.3
Shields        | 5 6 7 8 9 10 11 12 13 14 15 | 15.3
Unarmed Combat | 7 8 9 10 11 12 13 14 15 | 15.9

Action                   |  1- 3 |  4- 6 |  7- 9 | 10-12 | 13-15 | 16-18 | 19-21 || total
-------------------------+-------+-------+-------+-------+-------+-------+-------++-------
Melee: Short sword       |    58 |   152 |   189 |     3 |       |       |       ||   402
       Unarmed           |     2 |       |       |       |       |       |       ||     2
       Bite              |    10 |    32 |    62 |    81 |    92 |    99 |   144 ||   520
       Spear             |       |       |    96 |    48 |       |       |       ||   144
       Dagger            |       |       |   121 |   116 |       |       |       ||   237
       Mace              |       |       |       |    79 |       |       |       ||    79
       Falchion          |       |       |       |    23 |       |       |       ||    23
       Whip              |       |       |       |     2 |       |       |       ||     2
       Trident           |       |       |       |   239 |   557 |  1071 |   968 ||  2835
 Fire: Hunting sling     |       |       |     5 |    97 |    71 |    33 |       ||   206
Throw: Javelin           |       |     5 |     3 |     5 |       |       |       ||    13
 Cast: Olgreb's Toxic Ra |       |       |       |       |    26 |    14 |     3 ||    43
       Summon Lightning  |       |       |       |       |    31 |   111 |    81 ||   223
       Passage of Golubr |       |       |       |       |     5 |       |       ||     5
       Manifold Assault  |       |       |       |       |     3 |   157 |    27 ||   187
       Cause Fear        |       |       |       |       |       |     1 |       ||     1
Invok: Divine Shield     |       |     1 |     1 |       |     2 |       |     4 ||     8
       Summon Divine War |       |       |       |     1 |     4 |     3 |     4 ||    12
 Abil: Evoke Blink       |       |       |       |       |     1 |       |       ||     1
Evoke: Wand              |       |     1 |       |     1 |     2 |     8 |     4 ||    16
       Lightning rod     |       |       |       |       |       |     1 |     5 ||     6
  Use: Potion            |     1 |     1 |     1 |       |     2 |     3 |     3 ||    11
       Scroll            |       |       |    12 |    14 |    11 |     2 |    12 ||    51
 Stab: Sleeping          |     1 |       |       |       |       |       |       ||     1
Armor: Leather armour    |    14 |    26 |    48 |       |       |       |       ||    88
       Skin              |     1 |       |       |       |       |       |       ||     1
       Ring mail         |       |       |    33 |   148 |   152 |    44 |       ||   377
       Robe              |       |       |       |     2 |    13 |       |       ||    15
       Chain mail        |       |       |       |       |       |   292 |   169 ||   461
Dodge: Dodged            |    34 |    61 |   185 |   225 |   193 |   249 |   150 ||  1097
Block: Buckler           |    17 |    37 |   132 |   147 |   150 |   215 |       ||   698
       Kite shield       |       |       |       |       |       |    93 |   407 ||   500
       Reflection        |       |       |       |       |       |    29 |    89 ||   118
